 Dungeon Crawl Stone Soup version 0.27-a0-869-g165b36e3f0 (webtiles) character file.

Game seed: 8481130001658207702

1198 srzhan31 the Magician (level 8, -9/50 HPs)
             Began as a Djinni Fire Elementalist on Apr 2, 2021.
             Mangled by a yak (16 damage)
             ... on level 5 of the Dungeon.
             The game lasted 00:10:16 (5108 turns).

srzhan31 the Magician (Djinni Fire Elementalist)    Turns: 5108, Time: 00:10:17

Health: -9/50      AC:  6    Str:  7    XL:     8   Next: 44%
Gold:   302        EV: 12    Int: 18    God:
                   SH:  0    Dex: 15

rFire    + + +     SeeInvis .   f - staff of fire
rCold    x . .     Faith    .   (no shield)
rNeg     . . .     Spirit   .   k - +3 leather armour
rPois    ∞         Reflect  .   (no helmet)
rElec    .         Harm     .   (no cloak)
rCorr    .         Rampage  .   (no gloves)
Will     .....                  (boots unavailable)
Stlth    ++........             (no amulet)
HPRegen  0.16/turn              g - ring of wizardry
MPRegen  0.00/turn              (no ring)

@: flying
A: fire resistance 2, cold vulnerability 1, float, innate caster, hp casting,
extra vitality 1
a: no special abilities


You were on level 5 of the Dungeon.
You visited 1 branch of the dungeon, and saw 5 of its levels.

You collected 302 gold pieces.

Inventory:

Hand Weapons
 r - the +9 staff of Wucad Mu {*channel}
   (You found it on level 4 of the Dungeon)
Armour
 k - a +3 leather armour (worn)
Magical Staves
 f - a staff of fire (weapon)
Jewellery
 g - a ring of wizardry (left hand)
Wands
 t - a wand of flame (4)
Scrolls
 b - 5 scrolls of teleportation {unknown}
 c - a scroll of holy word {unknown}
 e - 2 scrolls of fear {unknown}
 j - a scroll of brand weapon {unknown}
 l - a scroll of acquirement {unknown}
 m - a scroll of magic mapping {unknown}
 n - 2 scrolls of summoning {unknown}
 o - a scroll of identify {unknown}
 q - a scroll of amnesia {unknown}
 s - a scroll of blinking {unknown}
 u - a scroll of fog {unknown}
Potions
 a - a potion of flight {unknown}
 d - 4 potions of curing {unknown}
 h - a potion of might {unknown}
 i - 2 potions of attraction {unknown}
 p - a potion of heal wounds {unknown}


   Skills:
 * Level 2.9 Armour
 * Level 3.8 Dodging
 - Level 1.5 Stealth
 * Level 7.6 Spellcasting
 * Level 2.2 Evocations


You couldn't memorise any spells.
You knew the following spells:

 Your Spells              Type           Power      Damage    Failure   Level
a - Foxfire               Conj/Fire      100%       2x1d9     1%          1
b - Conjure Flame         Conj/Fire      50%        6-21      1%          3
c - Inner Flame           Hex/Fire       50%        N/A       1%          3
d - Sticky Flame          Conj/Fire      50%        2d7       2%          4
e - Fireball              Conj/Fire      25%        3d11      8%          5
f - Magic Dart            Conj           100%       1d8       1%          1
g - Ensorcelled Hibernat  Hex/Ice        68%        N/A       1%          2
h - Vampiric Draining     Necr           17%        2d8       1%          3
Your spell library was empty.

Dungeon Overview and Level Annotations

Branches:
Dungeon (5/15)
 Temple: D:4-7

Altars:

Shops:
D:1 [[:   D:3 *


Innate Abilities, Weirdness & Mutations

You are immune to poison.
Your flesh is very heat resistant. (rF++)
You are vulnerable to cold. (rC-)
You float through the air rather than walking.
You learn spells naturally, not from books.
Your magical power is your life essence.
You have superior vitality. (+4 HP)


Message History

Confirm with . or Enter, or press ? or * to list all spells.
Aiming: Vampiric Draining (safe; 1% risk of failure)
Press: ? - help, Shift-Dir - straight line, f/p - yak
Aim: a yak (heavily wounded)
You draw life force from the yak!
You feel life coursing into your body. The yak closely misses you.
Unknown command.
Casting: Vampiric Draining (safe; 1% risk of failure)
Confirm with . or Enter, or press ? or * to list all spells.
Aiming: Vampiric Draining (safe; 1% risk of failure)
Press: ? - help, Shift-Dir - straight line, f/p - yak
Aim: a yak (heavily wounded)
You draw life force from the yak!
You feel life coursing into your body. The yak barely misses you.
The yak gores you!
Unknown command.
Casting: Vampiric Draining (safe; 1% risk of failure)
Confirm with . or Enter, or press ? or * to list all spells.
Aiming: Vampiric Draining (safe; 1% risk of failure)
Press: ? - help, Shift-Dir - straight line, f/p - yak
Aim: a yak (severely wounded)
You draw life force from the yak.
You feel life coursing into your body. The yak closely misses you.
The yak gores you!
* * * LOW HITPOINT WARNING * * *
You hear an angry hiss.
Casting: Vampiric Draining (safe; 1% risk of failure)
Confirm with . or Enter, or press ? or * to list all spells.
Aiming: Vampiric Draining (safe; 1% risk of failure)
Press: ? - help, Shift-Dir - straight line, f/p - yak
Aim: a yak (almost dead)
You draw life force from the yak!
You kill the yak!
You feel life coursing into your body.
* * * LOW HITPOINT WARNING * * *
An iguana comes into view.
The yak gores you but does no damage.
Found 18 stones.
The black bear barely misses you.
The black bear claws you but does no damage. x2
The yak gores you!
You die...

... #. #.. ....
#.###
....###.†.##
.......<†..#
.......#...#
...##..##h.#
....#...#Yl#
.......@.##
...........#
#.....(#.......
.##....#..##....
........## ...
.......... ..
##........ .
..........


You could see a yak, a black bear and an iguana.

Vanquished Creatures
  Sigmund (D:2)
  5 yaks (D:5)
  An orc priest (D:3)
  A bullfrog skeleton (D:3)
  2 hound skeletons (D:4)
  A howler monkey zombie (D:3)
  7 gnolls
  5 adders
  A white imp (D:3)
  3 worms (D:2)
  5 dart slugs
  5 orcs
  6 endoplasms
  5 giant cockroaches
  5 goblins
  5 hobgoblins
  4 jackals (D:3)
  2 quokkas
  3 ball pythons
  A bat (D:3)
  5 frilled lizards
  8 kobolds
  7 rats
88 creatures vanquished.

Vanquished Creatures (others)
  330 foxfires
330 creatures vanquished.

Grand Total: 418 creatures vanquished

Notes
Turn   | Place    | Note
-------+----------+-------------------------------------------
     0 | D:1      | srzhan31 the Djinni Fire Elementalist began the quest for
                  | the Orb.
     0 | D:1      | Reached XP level 1. HP: 15/15 MP: 0/0
   225 | D:1      | Found Muec's Book Shoppe.
   370 | D:1      | Reached skill level 3 in Spellcasting
   515 | D:1      | Reached XP level 2. HP: 19/21 MP: 0/0
   683 | D:1      | Found Noreomaz's Armour Shoppe.
   988 | D:1      | Found Buog's Antique Armour Shop.
  1078 | D:1      | Reached XP level 3. HP: 18/25 MP: 0/0
  1078 | D:1      | Learned a level 1 spell: Magic Dart
  2381 | D:2      | Reached skill level 4 in Spellcasting
  2381 | D:2      | Reached XP level 4. HP: 15/31 MP: 0/0
  2539 | D:2      | Noticed Sigmund
  2546 | D:2      | Killed Sigmund
  2547 | D:2      | Reached skill level 5 in Spellcasting
  2547 | D:2      | Reached XP level 5. HP: 27/35 MP: 0/0
  2547 | D:2      | Learned a level 2 spell: Ensorcelled Hibernation
  2781 | D:3      | Found a faded altar of an unknown god.
  2866 | D:3      | Reached XP level 6. HP: 30/40 MP: 0/0
  3621 | D:3      | Found Faluogidu's Assorted Antiques.
  4195 | D:4      | Found the +9 staff of Wucad Mu {*channel}
  4209 | D:4      | Reached skill level 6 in Spellcasting
  4650 | D:4      | Reached XP level 7. HP: 40/45 MP: 0/0
  4650 | D:4      | Learned a level 3 spell: Vampiric Draining
  4674 | D:4      | Reached skill level 1 in Armour
  5085 | D:5      | Entered Level 5 of the Dungeon
  5085 | D:5      | Noticed a yak
  5085 | D:5      | Noticed a yak
  5086 | D:5      | Noticed a yak
  5086 | D:5      | Noticed a yak
  5090 | D:5      | Noticed a yak
  5091 | D:5      | Noticed a yak
  5092 | D:5      | Killed a yak
  5093 | D:5      | Reached skill level 1 in Evocations
  5096 | D:5      | Killed a yak
  5096 | D:5      | Killed a yak
  5097 | D:5      | Reached skill level 7 in Spellcasting
  5097 | D:5      | Reached XP level 8. HP: 17/50 MP: 0/0
  5098 | D:5      | Killed a yak
  5103 | D:5      | Killed a yak
  5108 | D:5      | Mangled by a yak

Illustrated notes

Levels and vault maps discovered:
D:1:      heliophobic_arrival_henge, layout_loops_corners, serial_shops, shop,
          shop, shop
D:2:      layout_loops_ring, uniq_sigmund
D:3:      kennysheep_six_static_rooms, layout_loops_ring, serial_shops, shop,
          basic_ecumenical_altar
D:4:      layout_basic, minmay_fractal_squares_5
D:5:      minmay_inner_zag, layout_cave_pools, serial_park, serial_park_tiny_2,
          uniq_crazy_yiuf_cottage

Skill      XL: |  1  2  3  4  5  6  7  8 |
---------------+-------------------------+-----
Spellcasting   | 3 4 5 6 7 |  7.6
Dodging        | 3 |  3.8
Armour         | 2 |  2.9
Evocations     | 1 2 |  2.2
Stealth        | |  1.5

Action                   |  1- 3 |  4- 6 |  7- 9 || total
-------------------------+-------+-------+-------++-------
 Cast: Foxfire           |    87 |    93 |    16 ||   196
       Magic Dart        |     3 |    11 |       ||    14
       Conjure Flame     |     2 |     3 |       ||     5
       Sticky Flame      |       |     7 |     1 ||     8
       Fireball          |       |       |     4 ||     4
       Vampiric Draining |       |       |     7 ||     7
Armor: Robe              |       |     1 |       ||     1
       Leather armour    |       |     4 |     3 ||     7
Dodge: Dodged            |     4 |    14 |     7 ||    25

Table legend: (Time is in decaauts)
 A = Elapsed time spent in this place.
 B = Non-inter-level travel time spent in this place.
 C = Inter-level travel time spent in this place.
 D = Time resting spent in this place.
 E = Time spent auto-exploring this place.
 F = Levels seen in this place.
 G = Mean time per level.
                   A        B        C        D        E       F      G
               +--------+--------+--------+--------+--------+-----+--------+
         Total |   5106 |   5027 |     79 |      0 |   4444 |   5 | 1021.2 |
       Dungeon |   5106 |   5027 |     79 |      0 |   4444 |   5 | 1021.2 |
               +--------+--------+--------+--------+--------+-----+--------+

Top non-repeatable levels by time:
     D:1: 1474 daAuts
     D:3: 1348 daAuts
     D:2: 1305 daAuts
     D:4: 954 daAuts
     D:5: 22 daAuts
